 Dungeon Crawl Stone Soup version 0.31.0-1-g2c135a008e (webtiles) character file.

Game seed: 8215005757489305064

382 EnegeticOcto the Ruffian (level 6, -3/61 HPs)
             Began as a Troll Delver on Jan 20, 2024.
             Slain by a boulder beetle (15 damage)
             ... on level 7 of the Dungeon.
             The game lasted 00:02:13 (399 turns).

EnegeticOcto the Ruffian (Troll Delver)              Turns: 399, Time: 00:02:14

Health: -3/61      AC:  4    Str: 30    XL:     6   Next: 47%
Magic:  5/5        EV: 10    Int:  9    God:
Gold:   77         SH:  0    Dex:  8    Spells: 5/5 levels left

rFire   . . .        j - +10 short sword of the Depths {flame, *Noise Str+7 Int+3 Dex-3}
rCold   . . .        (no shield)
rNeg    . . .        a - +0 robe
rPois   .            (helmet restricted)
rElec   .            (no cloak)
rCorr   .            (gloves unavailable)
SInv    .            (boots unavailable)
Will    .....        (no amulet)
Stlth   ++           (no ring)
HPRegen 1.10/turn    (no ring)
MPRegen 0.09/turn

%: no passive effects
@: no status effects
A: large, unfitting armour, claws 3, regeneration 1, shaggy fur 1, tough skin 1
a: no special abilities


You were on level 7 of the Dungeon.
You visited 1 branch of the dungeon, and saw 3 of its levels.

You collected 77 gold pieces.

Inventory:

Hand Weapons
 j - the +10 short sword of the Depths (weapon) {flame, *Noise Str+7 Int+3 Dex-3}
   (You found it on level 6 of the Dungeon)

   Str+7:     It affects your strength (+7).
   Int+3:     It affects your intelligence (+3).
   Dex-3:     It affects your dexterity (-3).
   *Noise:    It may make a loud noise when swung.
Missiles
 g - a throwing net {!f}
 h - 4 poisoned darts (quivered)
Armour
 a - a +0 robe (worn)
Jewellery
 k - a ring of protection from cold
   (You found it on level 6 of the Dungeon)
Wands
 f - a wand of digging (3) {@v3}
Scrolls
 b - a scroll of fog {!r}
 d - a scroll of fear {!r}
 i - a scroll of immolation {unknown}
Potions
 c - a potion of brilliance {unknown}
 e - a potion of haste {@q4 !q}
 l - a potion of berserk rage {unknown}


   Skills:
 - Level 3.5 Fighting
 - Level 2.9 Dodging
 - Level 3.3 Stealth
 + Level 4.4 Unarmed Combat


You had 5 spell levels left.
You didn't know any spells.
Your spell library was empty.

Dungeon Overview and Level Annotations

Branches:
Dungeon (7/15) Zot: 17600
 Temple: D:4-7

Altars:
Vehumet

Annotations:
D:7 3 runed translucent doors


Innate Abilities, Weirdness & Mutations

You are too large for most types of armour.
You have claws for hands.
Your natural rate of healing is unusually fast.
You are covered in fur. (AC +1)
You have tough skin. (AC +1)


Message History

Items here: ))) [[ ††.
You open the door.
Found a robe.
There is an open door here.
You see here a +0 robe.
You open the door.
Found a stone staircase leading down.
Found a yellow potion.
There is an open door here.
Found 16 gold pieces.
Found a ring mail.
l - a yellow potion You now have 77 gold pieces (gained 16).
(D) Dungeon
Where to? (Tab/Enter - D:6, ? - help)
There is a stone staircase leading down here.
You climb downwards.
There is a stone staircase leading up here.
Found a robe.
A bullfrog comes into view.
The bullfrog gives a loud, deep croak!
The bullfrog hits you. The bullfrog barely misses you.
You puncture the bullfrog! You burn the bullfrog.
The bullfrog is severely wounded.
The bullfrog closely misses you.
An ice beast comes into view.
You puncture the bullfrog! You burn the bullfrog.
You kill the bullfrog!
You have reached level 6!
You feel stronger.
You hit the ice beast.
You melt the ice beast.
The ice beast is moderately wounded.
The ice beast hits you but does no damage.
You puncture the ice beast!
You melt the ice beast.
The ice beast is severely wounded.
The ice beast barely misses you.
You puncture the ice beast!
You melt the ice beast.
The ice beast is almost dead.
The ice beast misses you.
You closely miss the ice beast.
The ice beast is almost dead.
The ice beast hits you. The ice beast freezes you!
You hit the ice beast but do no damage.
The ice beast is almost dead.
The ice beast misses you.
You hit the ice beast.
You melt the ice beast.
You kill the ice beast!
Your Unarmed Combat skill increases to level 4!
No target in view!
Found 7 stones.
Found an escape hatch in the floor.
Found a stone staircase leading up.
You open the door.
Found a metallic blue potion.
Found a stone staircase leading down.
There is an open door here.
There is a stone staircase leading up here.
You climb upwards.
There is a stone staircase leading down here.
Unknown command.
Unknown command.
You can't go up here!
(D) Dungeon
Where to? (Tab/Enter - D:7, ? - help)
There is a stone staircase leading down here.
You climb downwards.
Level annotation: 3 runed translucent doors
There is a stone staircase leading up here.
You open the door.
There is an open door here.
You open the door.
Found a radiant altar of Vehumet.
There is an open door here.
You open the door.
There is an open door here.
You open the door.
A boulder beetle comes into view.
The boulder beetle curls into a ball and begins rolling!
There is an open door here.
The boulder beetle hits you.
The boulder beetle stops rolling and uncurls.
You hit the boulder beetle. You burn the boulder beetle.
The boulder beetle is lightly wounded.
The boulder beetle bites you!!
Okay, then.
Throw: 6 darts (poison)
Press: ? - help, Q - select action, (/) - cycle Shift-Dir - straight line, f - boulder beetle
Aim: a boulder beetle (lightly wounded, 87% to hit)
You throw a poisoned dart.
The poisoned dart hits the boulder beetle.
The boulder beetle is poisoned.
The boulder beetle is lightly wounded.
The boulder beetle bites you!!
* * * LOW HITPOINT WARNING * * *
Throw: 5 darts (poison)
Press: ? - help, Q - select action, (/) - cycle Shift-Dir - straight line, f/p - boulder beetle
Aim: a boulder beetle (lightly wounded, poisoned, 87% to hit)
You throw a poisoned dart.
The poisoned dart hits the boulder beetle.
The boulder beetle is lightly wounded.
The boulder beetle bites you!
You die...

..............##..##
.######..##...#####
.##..##..##......
.........#######..
.........# .#
.....##.###+############
+##..####.....##........
#....#.......#........
#....#.......#@B......
+....'..._...'.....^..
#.####.......###+###..
## #.......# ##.....##
###'### #..# #+##


You could see a boulder beetle (poisoned).

Vanquished Creatures
  2 ice beasts
  An ogre (D:6)
  A bullfrog (D:7)
  An orc priest (D:6)
  An orc wizard (D:6)
  3 orcs (D:6)
9 creatures vanquished.

Notes
Turn   | Place    | Note
-------+----------+-------------------------------------------
     0 | D:5      | EnegeticOcto the Troll Delver began the quest for the Orb.
     0 | D:5      | Reached XP level 1. HP: 22/22 MP: 0/0
   115 | D:6      | Noticed an ogre
   132 | D:6      | Killed an ogre
   133 | D:6      | Reached skill level 2 in Dodging
   133 | D:6      | Reached skill level 3 in Stealth
   133 | D:6      | Reached XP level 2. HP: 11/29 MP: 1/1
   133 | D:6      | Reached XP level 3. HP: 14/36 MP: 2/2
   133 | D:6      | Reached XP level 4. HP: 17/44 MP: 3/3
   175 | D:6      | Identified the +10 short sword of the Depths {flame, *Noise
                  | Str+7 Int+3 Dex-3}
   182 | D:6      | Noticed an ice beast
   191 | D:6      | Killed an ice beast
   192 | D:6      | Reached skill level 3 in Fighting
   192 | D:6      | Reached skill level 3 in Unarmed Combat
   192 | D:6      | Reached XP level 5. HP: 24/53 MP: 4/4
   320 | D:7      | Found a runed translucent gate.
   320 | D:7      | Found a runed translucent gate.
   322 | D:7      | Found a runed translucent gate.
   330 | D:7      | Noticed an ice beast
   332 | D:7      | Reached XP level 6. HP: 60/61 MP: 5/5
   339 | D:7      | Killed an ice beast
   340 | D:7      | Reached skill level 4 in Unarmed Combat
   384 | D:7      | Found a radiant altar of Vehumet.
   394 | D:7      | Noticed a boulder beetle
   399 | D:7      | Slain by a boulder beetle

Illustrated notes

Levels and vault maps discovered:
D:5:      layout_gridville, abandoned_shop, guppyfry_shop_venom
D:6:      layout_basic
D:7:      layout_gridville, nicolae_vehumet_altar_sigil, gammafunk_ghost_icy

Skill      XL: |  1  2  3  4  5  6 |
---------------+-------------------+-----
Dodging        | 2 |  2.9
Stealth        | 3 |  3.3
Fighting       | 3 |  3.5
Unarmed Combat | 3 4 |  4.4

Action                     |  1- 3 |  4- 6 || total
---------------------------+-------+-------++-------
  Melee: Unarmed           |     4 |       ||     4
         Short sword       |       |    26 ||    26
  Throw: Dart              |       |     2 ||     2
    Use: Scroll            |     3 |     1 ||     4
 Armour: Robe              |     1 |    19 ||    20
  Dodge: Dodged            |     1 |    15 ||    16

Table legend:
 A = Kills in this place as a percentage of kills in the entire game.
 B = Kills by you in this place as a percentage of kills by you in the entire game.
 C = Kills by friends in this place as a percentage of kills by friends in the entire game.
 D = Other kills in this place as a percentage of other kills in the entire game.
 E = Experience gained in this place as a percentage of experience gained in the entire game.
 F = Experience gained in this place divided by the number of levels of this place that you have seen.
                   A       B       C       D       E      F
               +-------+-------+-------+-------+-------+----------------------
         Total | 100.0 | 100.0 |   N/A |   N/A | 100.0 | 182.0
       Dungeon | 100.0 | 100.0 |   N/A |   N/A | 100.0 | 182.0
               +-------+-------+-------+-------+-------+----------------------
